AoeStats
← Xtreme | ticohzao

Arena

506955722Analyzed
4v4 RM · 17d ago on Sep 15, 2026· 43m 34s· 8 players
Game mode
Random Map
Map size
Large (8 player)
Population
200
Speed
Normal
Resources
Standard
Victory
Conquest
Starting age
Dark Age
Ending age
Imperial Age
RankedLock teamsTeams togetherTeam positionsShared explorationLock speedFull tech treeHidden civsTurbo modeCheats
Victory
Defeat
🇵🇪 Franks · Peru
1479
+15
🇧🇷 Teutons · Brazil
1464
+16
🇧🇷 Persians · Brazil
1394
+19
🇦🇷 Britons · Argentina
1384
+19
🇺🇸 Khmer · United States
1502
-18
🇺🇸 Burgundians · United States
1464
-18
🇲🇽 Muisca · Mexico
1445
-17
🇭🇰 Teutons · Hong Kong SAR China
1436
-16
Xtreme | Rayden
10:53 Feudal Age
15:13 Castle Age
13:27 Double-Bit Axe
13:48 Horse Collar
27:59 Scale Mail Armor
29:46 Bow Saw
29:37 Heavy Plow
31:36 Chain Mail Armor
34:28 Forging
34:56 Town Watch
34:57 Loom
35:40 Man-at-Arms
36:05 Gambesons
36:20 Squires
36:35 Long Swordsman
37:52 Gold Mining
39:43 Iron Casting
39:14 Arson
39:20 Pikeman
44:09 Imperial Age
42:19 Wheelbarrow
42:41 Fletching
44:08 Hand Cart
43:45 Stone Mining
PocaChota
7:15 Loom
9:49 Feudal Age
10:06 Man-at-Arms
16:16 Double-Bit Axe
19:19 Town Watch
20:14 Horse Collar
27:46 Castle Age
28:45 Bow Saw
28:36 Heavy Plow
33:47 Fortified Wall
35:04 Wheelbarrow
38:03 Imperial Age
35:31 Fletching
36:09 Ballistics
36:34 Bodkin Arrow
36:21 Treadmill Crane
36:52 Clinker Construction
37:14 Gold Mining
37:50 Padded Archer Armor
38:07 Stone Mining
38:53 Gold Shaft Mining
38:47 Bracer
39:24 Hand Cart
40:41 Two-Man Saw
40:08 Conscription
39:47 Crossbowman
41:43 Chemistry
40:55 Masonry
40:39 Arbalester
41:22 Pikeman
42:03 Squires
42:26 Yeomen
42:35 Forging
42:25 Scale Mail Armor
42:22 Gambesons
42:23 Arson
43:51 Iron Casting
42:39 Halberdier
Xtreme | ticohzao
10:32 Feudal Age
12:56 Double-Bit Axe
15:42 Castle Age
14:16 Horse Collar
16:24 Loom
18:39 Bow Saw
21:20 Gold Mining
23:23 Wheelbarrow
28:25 Imperial Age
26:13 Hand Cart
25:44 Town Watch
26:35 Scale Barding Armor
26:44 Heavy Plow
27:48 Husbandry
27:58 Bloodlines
28:10 Chain Barding Armor
28:00 Forging
27:49 Stone Mining
30:52 Stone Shaft Mining
30:52 Gold Shaft Mining
31:35 Iron Casting
31:58 Cavalier
33:15 Plate Barding Armor
33:40 Blast Furnace
33:24 Savar
34:35 Conscription
42:58 Fletching
43:12 Town Patrol
45:13 Two-Man Saw
CROVERS
11:34 Feudal Age
15:34 Castle Age
14:10 Double-Bit Axe
17:00 Forging
18:28 Loom
20:46 Wheelbarrow
23:52 Stone Mining
24:25 Husbandry
26:27 Hand Cart
27:30 Scale Barding Armor
28:35 Iron Casting
30:45 Imperial Age
28:48 Chain Barding Armor
32:18 Imperial Age
30:42 Gold Mining
32:41 Fortified Wall
32:21 Cavalier
33:16 Chivalry
34:11 Town Watch
33:50 Light Cavalry
35:16 Gold Shaft Mining
35:25 Bow Saw
35:20 Paladin
38:08 Conscription
39:55 Blast Furnace
39:31 Plate Barding Armor
44:01 Masonry
Alt+F4 | Popo
5:18 Loom
6:05 Double-Bit Axe
11:43 Feudal Age
14:09 Bow Saw
16:10 Castle Age
15:02 Horse Collar
16:20 Light Cavalry
18:36 Wheelbarrow
18:05 Husbandry
24:52 Hand Cart
25:03 Heavy Plow
26:04 Two-Man Saw
25:07 Gold Mining
28:29 Imperial Age
26:09 Scale Barding Armor
26:44 Forging
27:11 Chain Barding Armor
26:20 Cavalier
28:16 Iron Casting
28:21 Gold Shaft Mining
27:38 Stone Mining
28:19 Crop Rotation
28:45 Paladin
30:04 Plate Barding Armor
31:53 Iron Casting
32:53 Chemistry
34:33 Blast Furnace
38:36 Conscription
38:25 Hussar
40:55 Capped Ram
41:58 Burgundian Vineyards
Avila1997
6:44 Loom
9:25 Feudal Age
14:33 Castle Age
16:21 Fletching
24:15 Double-Bit Axe
24:11 Horse Collar
29:57 Imperial Age
31:02 Bodkin Arrow
31:50 Bracer
31:24 Crossbowman
32:10 Elite Skirmisher
32:22 Arbalester
39:44 Ballistics
40:25 Chemistry
Alt+F4 | Haise
12:13 Feudal Age
15:00 Castle Age
12:44 Horse Collar
13:09 Double-Bit Axe
16:15 Bow Saw
16:46 Loom
17:10 Heavy Plow
18:46 Wheelbarrow
21:06 Gold Mining
27:38 Imperial Age
25:30 Scale Barding Armor
26:06 Hand Cart
26:34 Gold Shaft Mining
26:01 Stone Mining
26:56 Forging
27:41 Scale Mail Armor
28:49 Iron Casting
28:51 Ballistics
29:23 Chain Mail Armor
28:32 Pikeman
30:19 Chemistry
29:24 Halberdier
30:56 Conscription
31:11 Double Crossbow
33:07 Heavy Scorpion
34:19 Fletching
35:30 Blast Furnace
40:43 Chain Barding Armor
40:34 Bloodlines
40:25 Husbandry
39:45 Light Cavalry
Hugh Jayniss
5:41 Loom
8:15 Feudal Age
16:06 Town Watch
16:53 Fletching
19:32 Double-Bit Axe
20:09 Horse Collar
23:15 Wheelbarrow
27:48 Castle Age
26:16 Stone Mining
26:58 Gold Mining
33:02 Imperial Age
30:55 Bow Saw
30:46 Heavy Plow
34:47 Chemistry
37:51 Scale Mail Armor
38:02 Forging
38:53 Pikeman
39:33 Halberdier
40:29 Squires
40:42 Arson
43:05 Chain Mail Armor
43:26 Iron Casting
Connection lost

Rejoining the realm…

Still unreachable

The connection could not be restored.

Session expired

The server has moved on; the page needs a fresh start.